[Event "Charlotte Summer IM B 2022"]
[Site "Charlotte"]
[Date "2022.07.27"]
[Round "6.5"]
[White "Kolay, Alex"]
[Black "Atanasov, Anthony"]
[Result "1-0"]
[ECO "D90"]
[WhiteElo "2188"]
[BlackElo "2172"]
[Annotator "TA"]
[PlyCount "105"]
[EventDate "2022.07.24"]
[EventType "tourn"]
[EventCountry "USA"]
[SourceTitle "playchess.com"]
[Source "ChessBase"]
[SourceQuality "1"]
[TimeControl "5400+30"]

1. d4 Nf6 2. c4 g6 3. Nc3 d5 4. Nf3 Bg7 5. h4 c6 6. Bg5 {[%emt 0:00:37] D90: Grünfeld: 4 Nf3 Bg7 sidelines.} dxc4 7. e4 Be6 8. e5 {[%emt 0:00:35] Black is slightly better.} Nd5 9. h5 Nxc3 10. bxc3 Nd7 11. h6 Bf8 {[%emt 0:00:00] [#]} 12. a4 $146 ({Predecessor:} 12. Nd2 Qa5 13. Qf3 Nb6 14. Be2 f6 15. Bf4 g5 16. Be3 Qxc3 17. O-O Qc2 18. exf6 {0-1 (32) Kozak,A (2526)-Antal,G (2561) Budapest 2021}) 12... Qa5 13. Qc1 O-O-O 14. Be2 Bd5 (14... f6 $5 15. Be3 Nb6 $15) 15. Nd2 f6 (15... Bxg2 16. Nxc4 Qc7 17. Rg1 $11) 16. Bf4 (16. Be3 $142) 16... Nb6 (16... Bxg2 17. Nxc4 Qd5 18. Ne3 $14) 17. O-O g5 18. Bh2 (18. Be3 $142) 18... f5 $17 (18... Bxh6 19. exf6 exf6 20. Bg4+ Nd7 21. Qc2 $16) 19. Qc2 e6 ({Worse is} 19... Bxh6 20. Qxf5+ Kb8 21. Nxc4 $1 Nxc4 22. Bxc4 $11) 20. Rfb1 Bxh6 21. Rxb6 Qxb6 22. Nxc4 Bxc4 23. Bxc4 {[%emt 0:00:07] Strongly threatening a5.} Rhe8 24. g4 f4 {[%emt 0:00:00] Threatens to win with ...c5.} ({Don't play} 24... fxg4 $6 25. Qxh7 Bf8 26. a5 $15) 25. Qxh7 Bf8 26. Rb1 Qc7 27. Qg6 Qe7 (27... Qg7 $17 28. Bxe6+ Kb8) 28. a5 (28. Kg2 $1 $15) 28... Kc7 29. Kg2 Qg7 30. Qe4 Rd7 31. a6 (31. Rh1 $17 {is a better defense.}) 31... b6 ({Black should play} 31... b5 $19 32. Be2 (32. Bxb5 $2 cxb5 33. Rxb5 Rb8 $19) 32... Qh7 33. Qxh7 Rxh7) 32. Bd3 (32. Rh1 $17) 32... Rc8 (32... Ba3 $1 $19 {White must now prevent ...Rh8.} 33. Qg6 Qxg6 34. Bxg6 Rf8) 33. f3 (33. Rh1 $17) 33... Kb8 $2 (33... Ba3 $1 $19 {aiming for ...Rh8.} 34. Bg1 Rh8) 34. Bg1 Qe7 (34... c5 $15 {deserves consideration.}) 35. Bf2 $11 Qa3 36. Bc4 {[%emt 0:00:25][%mdl 1024] White has compensation.} Re7 37. Rb3 Qa4 38. Rb4 Qa1 {[%emt 0:00:17] [#]} (38... Qd1 $11) 39. Qc2 $1 $16 b5 {[%emt 0:01:35][%mdl 8192] [#] Prevents Ra4.} (39... Rec7 $16 40. Rb2 Qa3) 40. Ba2 $1 $18 Rcc7 41. Rb1 Qxb1 42. Qxb1 Kc8 43. Qg6 Kd7 44. Qxg5 Rf7 45. Qg8 {[%emt 0:02:52] White mates.} Ke7 46. Bh4+ Ke8 47. Bf6 b4 48. cxb4 c5 49. bxc5 Rc6 50. Bc4 Rxc5 51. dxc5 Rd7 52. Qg6+ Rf7 53. Bb5# {[%emt 0:00:00] Quite a comeback for White.  Weighted Error Value: White=0.18 (very precise) /Black=0.38} 1-0

[Event "Charlotte Summer IM B 2022"]
[Site "Charlotte"]
[Date "2022.07.28"]
[Round "7.1"]
[White "Atanasov, Anthony"]
[Black "Zaloznyy, Mike"]
[Result "1-0"]
[ECO "D02"]
[WhiteElo "2172"]
[BlackElo "2171"]
[Annotator "TA"]
[PlyCount "155"]
[EventDate "2022.07.24"]
[EventType "tourn"]
[EventCountry "USA"]
[SourceTitle "playchess.com"]
[Source "ChessBase"]
[SourceQuality "1"]
[TimeControl "5400+30"]

1. d4 d5 2. Bf4 Nf6 3. e3 e6 4. Nf3 Bd6 5. Nbd2 O-O 6. Bd3 {[%emt 0:00:45] D02: 1 d4 d5 2 Nf3 sidelines, including 2...Nf6 3 g3 and 2...Nf6 3 Bf4.} c5 7. c3 Bxf4 8. exf4 {[%emt 0:00:10] The position is equal.} b6 9. O-O Qd6 10. g3 Ba6 11. Bxa6 Nxa6 12. Qe2 Nb8 13. Qd3 Nc6 14. Rfe1 {[%emt 0:01:57] [#]} cxd4 $146 ({Predecessor:} 14... Rac8 15. Re2 cxd4 16. Nxd4 Nxd4 17. Qxd4 Qc5 18. Nb3 Qxd4 19. Nxd4 g6 20. f3 a6 21. g4 Nd7 {1-0 (42) Svane,R (2637)-Keymer,V (2655) Chess.com INT 2022}) 15. Nxd4 Nxd4 16. Qxd4 Qc5 17. Qd3 g6 18. Rad1 Rfc8 19. Nb3 Qc4 20. Qe3 b5 21. Rd4 Qc7 22. Nc1 a5 23. Nd3 Qb6 24. Rd1 Rc4 (24... b4 $5 25. Ne5 bxc3 26. bxc3 Qb2 $17) 25. Ne5 Rxd4 26. Qxd4 Rb8 27. a3 Ne4 28. Kg2 Nd6 29. Qd3 Nc4 30. Qe2 Qb7 {[%emt 0:00:00] Prevents Nd7.} 31. Rd4 Nd6 32. g4 Rc8 33. h3 Ne4 34. f3 Nc5 35. Qd1 Na4 36. Qe2 Re8 37. Nd3 Qc6 38. Ne5 Qb7 39. Nd3 Qc7 (39... Nb6 $11 {remains equal.}) 40. Rxd5 $1 $16 Qc4 (40... Rb8 $16 41. Rd4 Nb6) 41. Rd4 $18 Qa2 42. Qf2 {[%emt 0:02:26] Hoping for Rd7.} Rc8 (42... Nb6 $142 43. Qe2 Nc4) 43. Rd7 Qb1 $2 (43... Qc4 {was called for.} 44. Kg3 Rf8) 44. Qf1 $2 ({Better is} 44. Qa7 $18 Rf8 45. g5 (45. Qxa5 Qc2+ 46. Nf2 Qxb2 $16) 45... Nxb2 46. Ne5) 44... Qc2+ $11 45. Qf2 $2 (45. Kg3 $11) 45... Qb1 $1 $18 46. f5 exf5 47. gxf5 b4 $2 (47... Nxb2 48. Qxb2 Qxb2+ 49. Nxb2 Rxc3) 48. axb4 axb4 (48... Nxb2 $142 49. Qxb2 Qxb2+ 50. Nxb2 axb4) 49. fxg6 $2 (49. f6 {And now Qe3 would win.} Nxc3 50. Qd4 Qc2+ 51. Nf2) 49... hxg6 {[%emt 0:00:19] [#]} 50. Nxb4 ({Not} 50. cxb4 $2 Rc2 51. b5 (51. Rd8+ $2 Kg7 $19) 51... Rxf2+ 52. Kxf2 Nxb2 53. Nxb2 Qxb2+ $19) (50. c4 $1 $18) 50... Qxb2 $16 {[%emt 0:01:34] [#]} 51. Rd2 $1 ({Much less strong is} 51. Qxb2 Nxb2 52. Rd2 Nc4 $14) 51... Qxc3 {[%emt 0:00:31][%mdl 8192] A mistake that costs the game.} (51... Qc1 $16) 52. Rc2 $18 Qxb4 53. Rxc8+ {[%emt 0:00:02][%mdl 4096] Endgame KQR-KQN} Kg7 54. Qe2 {[%emt 0:01:20] White threatens Qe5+ and mate.} Qf4 {[%emt 0:01:05] Against Qe5+} (54... Qd6 $18 55. Qe3 Nb6 56. Qc3+ f6 57. Rc7+ Kf8) 55. Rc4 $2 (55. h4 {mates} Qf6 56. Qe8 Kh7 57. Qxa4 Kh6 58. Qa3 Kh7 59. Qc3 Qxc3 60. Rxc3) 55... Qg5+ 56. Rg4 Nc3 {[%emt 0:00:47] Threatens to win with ...Qxg4+.} 57. Rxg5 {[%emt 0:01:52] White wants to mate with Qe5+.} Nxe2 {[%emt 0:00:04] KR-KN} 58. Rg4 Nc3 59. Rd4 Nb5 $2 (59... Kf6 60. Kf2 Ke6) 60. Rd7 {Kg3 is the strong threat.} Kf6 61. Kg3 Ke6 62. Rb7 Nd6 $2 (62... Nd4 63. Kg4 f6 64. Rb6+ Ke7) 63. Rb6 Ke7 64. Kf4 {[%emt 0:00:24] aiming for Kg5.} Nf5 65. Ke5 {[%emt 0:00:30] Strongly threatening Rb7+.} Nh4 (65... Ng3 $18 66. Rb7+ Kf8) 66. Rb7+ {[%emt 0:00:22] White mates.} Ke8 67. f4 Nf3+ 68. Kf6 Ng1 69. Rb3 Kd7 70. Re3 Kd6 71. Kxf7 Kd5 72. Kxg6 Kd4 73. Ra3 Ne2 74. f5 Nf4+ 75. Kg7 Ke5 76. Ra5+ Kd6 77. f6 Ne6+ 78. Kg8 {[%emt 0:00:07] Weighted Error Value: White=0.43/Black=0.50} 1-0

[Event "Charlotte Summer IM B 2022"]
[Site "Charlotte"]
[Date "2022.07.27"]
[Round "7.2"]
[White "Adu, Oladapo"]
[Black "Kolay, Alex"]
[Result "1/2-1/2"]
[ECO "C95"]
[WhiteElo "2056"]
[BlackElo "2188"]
[Annotator "TA"]
[PlyCount "65"]
[EventDate "2022.07.24"]
[EventType "tourn"]
[EventCountry "USA"]
[SourceTitle "playchess.com"]
[Source "ChessBase"]
[SourceQuality "1"]
[TimeControl "5400+30"]

1. e4 e5 2. Nf3 Nc6 3. Bb5 a6 4. Ba4 Nf6 5. O-O Be7 6. Re1 b5 7. Bb3 d6 8. c3 O-O 9. h3 Nb8 10. d4 Nbd7 11. Nbd2 Bb7 12. Bc2 Re8 13. Nf1 Bf8 14. Ng3 g6 15. a4 c5 16. d5 c4 17. Bg5 {[%emt 0:00:39] The position is equal.} Nc5 {[%emt 0:00:00] C95: Closed Ruy Lopez: Breyer Variation with 10 d4.} 18. Qd2 Be7 19. Ra3 Nfd7 20. Be3 Qc7 21. Nh2 Nb6 {[%emt 0:00:00] [#] Black got outplayed after the opening.  Weighted Error Value: White=0.00 (flawless) /Black=0.00 (flawless)} {Predecessor:} 22. axb5 $146 axb5 23. Rxa8 Rxa8 24. Ng4 Bc8 25. Nh6+ Kg7 26. Qe2 Qd8 27. Nh5+ gxh5 28. Qxh5 Qe8 29. Bxc5 dxc5 30. Re3 Kh8 31. Nxf7+ Kg7 32. Rg3+ Kf8 33. Qh6+ {1-0 (33) Ter Sahakyan,S (2551)-Doshi,M (2193) Riga 2018} 1/2-1/2

[Event "Charlotte Summer IM B 2022"]
[Site "Charlotte"]
[Date "2022.07.28"]
[Round "7.3"]
[White "Ringoir, Tanguy"]
[Black "Mishra, Prateek"]
[Result "1/2-1/2"]
[ECO "D71"]
[WhiteElo "2490"]
[BlackElo "2204"]
[Annotator "TA"]
[PlyCount "49"]
[EventDate "2022.07.24"]
[EventType "tourn"]
[EventCountry "USA"]
[SourceTitle "playchess.com"]
[Source "ChessBase"]
[SourceQuality "1"]
[TimeControl "5400+30"]

1. d4 Nf6 2. c4 g6 3. g3 c6 4. Bg2 d5 5. e3 Bg7 6. Ne2 {[%emt 1:27:24] D71: Fianchetto Grünfeld: 3 g3 d5 sidelines and 5 cxd5 (without Nf3).} O-O 7. O-O Bf5 8. b3 a5 9. Nbc3 {[%emt 0:00:00] [#]} Ne4 $146 ({Predecessor:} 9... Qd7 10. Na4 Qc7 11. cxd5 cxd5 12. Ba3 Nc6 13. Rc1 b5 14. Nac3 b4 15. Nxd5 Nxd5 16. Bxd5 {1-0 (41) Iskusnyh,S (2473)-Palchuk,A (2188) Chess.com INT 2021}) 10. h3 (10. cxd5 $14 cxd5 11. Bb2) 10... Nxc3 $11 11. Nxc3 e5 12. cxd5 {[%emt 0:00:00] aiming for Ba3.} exd4 13. exd4 cxd5 14. Be3 (14. Bxd5 Bxh3 15. Ba3 (15. Bxb7 Ra7 $11) 15... Bxf1 16. Bxf8 (16. Kxf1 Re8 $17) 16... Kxf8 $11) 14... Nc6 15. Qd2 (15. Bxd5 Bxh3 16. Re1 Qd7 $15) 15... Re8 16. Bg5 ({Don't play} 16. Bxd5 Bxh3 17. Rfe1 Rc8 $15) 16... Qd6 (16... Qd7 {keeps more tension.} 17. Nxd5 Bxh3 18. Nf6+ Bxf6 19. Bxf6 Qf5) 17. Bf4 Qb4 18. Nxd5 Qxd2 19. Bxd2 Nxd4 20. Rad1 $1 Re2 {[%emt 0:09:30] [#]} 21. Nf4 (21. Be3 $1 $16 Nc6 22. g4) 21... Bc2 $1 {[%emt 0:00:30] The position is equal.} 22. Nxe2 Nxe2+ 23. Kh2 {[%emt 0:00:00] Hoping for Rde1.} Bxd1 24. Rxd1 {[%emt 0:00:00] Strongly threatening Be3.} Rd8 25. Rf1 $2 {[%emt 0:00:00][%mdl 40960] Weighted Error Value: White=0.15 (very precise) /Black=0.08 (flawless) . An unexpected result.} 1/2-1/2

[Event "Charlotte Summer IM B 2022"]
[Site "Charlotte"]
[Date "2022.07.28"]
[Round "7.4"]
[White "Avila Rodriguez, Joshua Ad"]
[Black "Homa, Seth"]
[Result "1/2-1/2"]
[ECO "C88"]
[WhiteElo "2210"]
[BlackElo "2237"]
[Annotator "TA"]
[PlyCount "66"]
[EventDate "2022.07.24"]
[EventType "tourn"]
[EventCountry "USA"]
[SourceTitle "playchess.com"]
[Source "ChessBase"]
[SourceQuality "1"]
[TimeControl "5400+30"]

1. e4 e5 2. Nf3 Nc6 3. Bb5 a6 4. Ba4 Nf6 5. O-O Be7 6. Re1 b5 7. Bb3 O-O 8. a4 Bb7 9. axb5 axb5 10. Rxa8 Bxa8 11. d4 {[%emt 0:18:56] [#] C88: Closed Ruy Lopez: Anti-Marshall Systems.} (11. c3 $11 {remains equal.}) 11... Nxd4 $1 $17 12. Nxd4 exd4 13. e5 {[%emt 0:00:19] [#] Black is slightly better.} Ne8 $146 (13... Ne4 $5 14. c3 dxc3 15. Nxc3 Nxc3 16. bxc3 Bg5 $15) ({Predecessor:} 13... Ne4 14. Qg4 d5 15. exd6 Bxd6 16. g3 Re8 17. Na3 Nf6 18. Qd1 Bxa3 19. bxa3 c5 20. c4 dxc3 21. Qxd8 Rxd8 22. Re7 Be4 23. Bg5 c4 24. Bxc4 bxc4 25. Rxe4 Rd1+ {0-1 (25) Norevall,U-Vulcan,I Uppsala 1969}) 14. c3 (14. Qxd4 c5 15. Qc3 d5 $17) 14... c5 15. cxd4 c4 16. Bc2 d5 17. Re3 (17. Nd2 $11) 17... f5 (17... g6 $15) 18. g4 $36 {[%emt 0:03:46][%mdl 2048] White fights for an advantage.} f4 (18... b4 $11) 19. Rf3 $14 g5 (19... b4 $14) 20. Rh3 $16 Rf7 21. Bf5 {[%emt 0:00:08] Black must now prevent Qc2.} Qb6 22. Qc2 h6 (22... h5 $1 $14) 23. Bg6 $18 Qxd4 {[%emt 0:00:36] [#]} 24. Bxf7+ (24. Rxh6 $6 Qxe5 25. Bxf7+ Kxf7 26. Qh7+ (26. Ra6 $2 Qe1+ 27. Kg2 f3+ 28. Kxf3 d4+ 29. Rxa8 d3 $19) 26... Ng7 $11) ({Better is} 24. e6 $1 $18 Rg7 25. Bxe8) 24... Kxf7 $16 25. Qf5+ (25. Rxh6 $6 Qxe5 26. Bd2 (26. Ra6 $2 Qe1+ 27. Kg2 d4+ 28. Rxa8 d3 $19) 26... d4 27. Qg6+ Kf8 $11) (25. Qh7+ $6 Ng7 26. Bd2 (26. Rxh6 Qd1+ 27. Kg2 d4+) 26... Qxe5 27. Rxh6 Qe2 28. Qg6+ Kg8 $11) 25... Bf6 26. Qd7+ {[%emt 0:04:58] Really sharp!} ({Much worse is} 26. exf6 $6 Qd1+ 27. Kg2 d4+ 28. f3 Qe2+ 29. Kg1 Qe1+ 30. Kg2 Qe2+ 31. Kg1 Qe1+ 32. Kg2 Qe2+ $11) (26. Ra3 $16 Bb7 27. Qd7+ (27. exf6 Qd1+ 28. Kg2 d4+ 29. f3 Qe2+ 30. Kg1 Qe1+ 31. Kg2 Qe2+ 32. Kg1 Qe1+ 33. Kg2 Qe2+ $11) 27... Be7 28. Nd2 (28. Qxb7 Qd1+ 29. Kg2 Qxg4+ 30. Kh1 Qd1+ 31. Kg2 Qg4+ 32. Kh1 Qd1+ 33. Kg2 Qg4+ $11) (28. e6+ Kf8 $17)) 26... Kf8 $11 {[%emt 0:00:46] aiming for ...Qd1+. The position is equal.} 27. exf6 {[%emt 0:00:34] White threatens Qe7+ and mate.} Qd1+ 28. Kg2 {[%emt 0:00:04] Threatening mate with Qe7+.} d4+ 29. f3 {[%emt 0:00:06] Qe7+ would kill now.} Qe2+ 30. Kg1 {[%emt 0:00:06] Strongly threatening Bd2.} Qe1+ 31. Kg2 Qe2+ 32. Kg1 {[%emt 0:00:07] Hoping for Bd2.} Qe1+ 33. Kg2 Qe2+ {[%emt 0:00:07] Weighted Error Value: White=0.30/Black=0.17 (very precise)} 1/2-1/2

[Event "Charlotte Summer IM B 2022"]
[Site "Charlotte"]
[Date "2022.07.28"]
[Round "7.5"]
[White "Wang, Tianqi"]
[Black "Eckert, Doug"]
[Result "1-0"]
[ECO "C68"]
[WhiteElo "2402"]
[BlackElo "2177"]
[Annotator "TA"]
[PlyCount "99"]
[EventDate "2022.07.24"]
[EventType "tourn"]
[EventCountry "USA"]
[SourceTitle "playchess.com"]
[Source "ChessBase"]
[SourceQuality "1"]
[TimeControl "5400+30"]

1. e4 e5 2. Nf3 Nc6 3. Bb5 a6 4. Bxc6 dxc6 5. O-O Qf6 6. d4 {[%emt 0:00:07] C68: Ruy Lopez: Exchange Variation, sidelines.} exd4 7. Bg5 Qd6 8. Nxd4 {[%emt 0:00:12] White has an edge.} c5 9. Nb3 Qxd1 10. Rxd1 {[%emt 0:00:03][%csl Gg5][%cal Rd1d8] [#]} Be6 $146 ({Predecessor:} 10... Bd7 11. Nc3 f6 12. Be3 b6 13. Nd5 Ra7 14. Bf4 Kd8 15. Rd2 Ne7 16. Rad1 Nxd5 17. Rxd5 {½-½ (40) Antognini,F (2272)-Lipecki,A (2162) Flims 2012}) 11. Bf4 Rc8 12. Nc3 Nf6 13. f3 b6 14. g4 h6 15. Nd2 g5 16. Be5 Bg7 17. Nf1 O-O 18. Ne3 Nd7 (18... Rfe8 $11 {might be stronger.}) 19. Bxg7 $14 Kxg7 20. Kg2 Ne5 21. Ne2 Ng6 22. Rd2 (22. Kg3 {is more complex.} Rcd8 23. a4 Rh8 24. f4) 22... Rcd8 23. Rad1 Rxd2 24. Rxd2 Kf6 25. Nd5+ Bxd5 26. Rxd5 $11 {[%emt 0:00:00][%mdl 4096] Endgame KRN-KRN} Ke7 27. Kf2 c6 (27... Ke6 $11) 28. Rd1 Rd8 (28... a5 $14) 29. Rxd8 $16 Kxd8 {[%emt 0:00:03] [#] KN-KN} 30. Ng3 $1 Nf4 31. Nf5 h5 32. Nd6 f6 {[%emt 0:02:23] [#]} 33. e5 $1 hxg4 $2 {[%emt 0:06:47] This move loses the game for Black.} (33... Kd7 $16 {keeps fighting.}) 34. fxg4 Kd7 ({Not} 34... fxe5 35. Nf7+ Ke7 36. Nxg5 $16) (34... Ke7 {was worth a try.} 35. Ne4 Ne6) 35. Ne4 $18 fxe5 36. Nxg5 Ke7 37. h4 Kf6 38. Ne4+ Kg6 39. h5+ Kh6 40. Kg3 c4 41. Nd6 Ne2+ $2 (41... c3 42. bxc3 Kg5 43. Ne4+ Kh6) 42. Kh4 {[%emt 0:00:00] aiming for g5+.} c3 43. g5+ Kg7 44. Nf5+ Kh8 45. bxc3 {[%emt 0:00:00] White mates.} Nxc3 46. g6 Nd5 47. c4 Nf6 48. Kg5 Ne4+ 49. Kh6 Nf6 50. g7+ {[%emt 0:00:00] Weighted Error Value: White=0.09 (flawless) /Black=0.34} 1-0

[Event "Charlotte Summer IM B 2022"]
[Site "Charlotte"]
[Date "2022.07.28"]
[Round "8.1"]
[White "Zaloznyy, Mike"]
[Black "Eckert, Doug"]
[Result "1-0"]
[ECO "C22"]
[WhiteElo "2171"]
[BlackElo "2177"]
[Annotator "TA"]
[PlyCount "75"]
[EventDate "2022.07.24"]
[EventType "tourn"]
[EventCountry "USA"]
[SourceTitle "playchess.com"]
[Source "ChessBase"]
[SourceQuality "1"]
[TimeControl "5400+30"]

1. e4 e5 2. d4 exd4 3. Qxd4 Nc6 4. Qe3 Nf6 5. Bd2 Bb4 6. a3 {[%emt 0:00:13] C22: Centre Game.} Bxd2+ 7. Nxd2 O-O 8. O-O-O {[%emt 0:00:14] The position is equal.} Re8 9. f4 d6 10. Bd3 Rb8 11. Ne2 b5 12. Rhe1 Be6 13. h3 {[%emt 0:04:26] [#]} b4 $146 ({Predecessor:} 13... Qc8 14. e5 dxe5 15. Ne4 Nd7 16. g4 b4 17. f5 Bd5 18. f6 Re6 19. Ng5 Nxf6 20. Nxe6 fxe6 {½-½ (56) Boulanger,M (2128)-Naeter,B (2265) ICCF email 2018}) 14. a4 b3 15. c3 Nd7 16. Bb5 (16. e5 $5 Nc5 17. Bb5 $14) 16... Na5 17. Nd4 (17. Qxa7 c6 18. f5 Nc5 19. fxe6 Re7 20. exf7+ Rxf7 21. Qxf7+ Kxf7 22. Bc4+ Nxc4 23. Nxc4 Qg5+ 24. Kb1 Nxa4 $19) 17... c5 (17... a6 $11 18. Bxa6 (18. Nxe6 fxe6 19. Bxa6 Nc5 $11) 18... Nc5 19. Nxe6 (19. Bb5 Bd7 $11) 19... fxe6) 18. N4f3 (18. Nxe6 $16 Rxe6 19. Nf3) 18... a6 19. Bxa6 Nb6 20. Nb1 $2 {[%emt 0:07:50] [#]} (20. Bb5 $14 {keeps the upper hand.}) 20... Bc4 $1 $17 ({Much worse is} 20... Nxa4 $6 21. Na3 $14) 21. Bb5 Bxb5 22. axb5 Nac4 ({Don't do} 22... Nbc4 23. Qd3 $16) 23. Qd3 Ra8 {[%emt 0:00:47][%mdl 1024] Black has strong compensation.} 24. Re2 Qd7 (24... Qf6 $17 25. g3 Qe6) 25. e5 $15 {[%emt 0:02:44] [#] Hoping for Ng5.} d5 (25... f6 $15) 26. Ng5 $36 {[%emt 0:01:03][%mdl 2048] White is more active.} g6 {[%emt 0:02:59] Strongly threatening ...Ra1.} 27. Ne4 $1 dxe4 28. Qxd7 Nxd7 29. Rxd7 e3 30. Na3 $1 Nxa3 31. bxa3 Rxa3 {[%emt 0:00:43] ...c4 is the strong threat.} 32. Rxe3 {[%emt 0:03:47][%mdl 4096] Endgame Threatens to win with Kb2. KRR-KRR} c4 (32... Rea8 $5 33. Kb2 R8a4 34. Rd8+ Kg7 $11) 33. Re4 $1 Ra1+ 34. Kb2 Ra2+ (34... Ra4 $1 $11 {and Black has nothing to worry.} 35. Red4 Kg7) 35. Kb1 $18 Rb8 (35... Ra4 {might work better.}) 36. Rxc4 {[%emt 0:01:05] White is clearly winning.} Rxb5 37. e6 Re2 38. exf7+ {[%emt 0:03:27] What a bad dream for Black.  Weighted Error Value: White=0.16 (very precise) /Black=0.26 (precise)} 1-0

[Event "Charlotte Summer IM B 2022"]
[Site "Charlotte"]
[Date "2022.07.28"]
[Round "8.2"]
[White "Homa, Seth"]
[Black "Wang, Tianqi"]
[Result "0-1"]
[ECO "D37"]
[WhiteElo "2237"]
[BlackElo "2402"]
[Annotator "TA"]
[PlyCount "146"]
[EventDate "2022.07.24"]
[EventType "tourn"]
[EventCountry "USA"]
[SourceTitle "playchess.com"]
[Source "ChessBase"]
[SourceQuality "1"]
[TimeControl "5400+30"]

1. d4 d5 2. c4 e6 3. Nf3 Nf6 4. Nc3 Be7 5. Bf4 O-O 6. e3 Nbd7 7. c5 {[%emt 0:00:24] D37: Queen's Gambit Declined: 5 Bf4.} c6 8. b4 {[%emt 0:01:01] 8.h3 gains popularity.} b6 9. h4 {[%emt 0:00:34] The position is equal.} a5 10. a3 {[%emt 0:00:16] [#]} h6 $146 ({Predecessor:} 10... Ne4 11. Nxe4 dxe4 12. Ne5 Nxe5 13. Bxe5 Qd5 14. Be2 b5 15. h5 Bb7 16. O-O axb4 17. axb4 Rxa1 18. Qxa1 {0-1 (42) Shankland,S (2709)-Nakamura,H (2750) Chess.com INT 2022}) 11. Bd3 Ba6 12. Bxa6 Rxa6 13. b5 cxb5 14. c6 Qc8 $36 {[%emt 0:00:04][%mdl 2048] Black has some pressure.} 15. c7 b4 16. Nb5 a4 {[%emt 0:00:05] Threatens to win with ...b3.} 17. axb4 Bxb4+ 18. Ke2 ({White should play} 18. Kf1) 18... Ra5 $17 19. Qd3 Ne4 20. Rhc1 Qa8 (20... e5 $1 $19 21. Rab1 (21. Bxe5 Nxe5 22. dxe5 Qd7 $17) 21... exf4 22. Rxb4 fxe3 23. fxe3 (23. Qxe3 $2 Qa6 $19) 23... Ndf6) 21. Rab1 Be7 22. Ne5 $1 Nxe5 23. Bxe5 Rc8 $1 (23... Bxh4 $2 24. f3 Nf2 25. Qa3 $18) 24. f3 Nf6 25. g4 Ne8 26. g5 $1 h5 27. Rc2 (27. g6 $11 f6 28. Bg3) 27... a3 (27... Qa6 $15) 28. Ra2 (28. g6 $1 $11 f6 29. Bg3) 28... Qc6 29. Qb3 (29. Rc2 $142 Qd7 30. Qb3) 29... Qd7 (29... Nxc7 $142 30. Nxc7 Rxc7 31. Bxc7 Qxc7) 30. Kd3 (30. Rc2 $142) 30... Bd6 ({Stronger than} 30... Nxc7 31. Nxc7 Rxc7 32. Bxc7 (32. Qxb6 Rca7 $17) 32... Qxc7 33. Qc2 $15 (33. Rc2 Qg3 $17)) 31. Nxd6 Nxd6 {[%emt 0:00:15] Chess con chili.} 32. Bxd6 Qxd6 33. Qxb6 Qxc7 34. Qxc7 Rxc7 {[%emt 0:00:02][%mdl 4096] Endgame KRR-KRR} 35. Rba1 Rca7 36. Ke2 Kh7 37. Kf2 Kg6 38. Kg3 Kf5 39. Rb1 f6 40. gxf6 gxf6 41. Rb3 e5 42. Rd3 Ke6 43. Rb3 (43. dxe5 $17 fxe5 44. e4) 43... exd4 $19 44. exd4 Ra4 45. Rd3 Kf5 46. Re3 Rg7+ 47. Kf2 Rxd4 48. Raxa3 Rxh4 {[%emt 0:00:00] aiming for ...Rh2+.} 49. Ra5 $2 (49. Red3) 49... Rd4 50. Re8 Kf4 51. Rh8 (51. Ra2 $142) 51... Rg5 52. Rh6 Rf5 {[%emt 0:00:00] And now ...Rd2+ would win.} 53. Ra6 Kg5 54. Rh8 Rd3 55. Rg8+ Kh4 56. Ra4+ d4 57. Ke2 Re3+ 58. Kd2 Rexf3 59. Rxd4+ R3f4 60. Rxf4+ (60. Rd3) 60... Rxf4 {[%emt 0:00:00] KR-KR} 61. Ke3 Rf5 (61... Rf1 $142 62. Ke2 Rf5 63. Rg6 Kh3 64. Ke3 h4 65. Rg8 Kh2 66. Ke4 Rg5 67. Rc8 Kg3 68. Rc3+ Kg4 69. Rc1 h3 70. Ke3 h2 71. Kf2 Rc5 $3 72. Rxc5 h1=Q 73. Rc4+ Kg5 74. Rc5+ f5 75. Rc8 Qd5 76. Rc2 f4 77. Ke2 f3+ 78. Ke3 Qb3+ 79. Kd2 f2 80. Rc5+ Kf4 81. Rc1 Qb2+ 82. Rc2 Qd4+ 83. Ke2 Qe4+ 84. Kxf2 Qxc2+ 85. Ke1 Kf3 86. Kf1 Qf2#) 62. Rg1 Kh3 $1 63. Ke4 {[%emt 0:00:10] [#]} Rg5 $2 (63... Kh2 $1 $19 {and Black stays clearly on top.} 64. Rg6 Rf1) 64. Rf1 $17 {[%emt 0:03:58] [#]} Re5+ $1 65. Kf4 Kg2 (65... Rc5 $17 {( -> ...Kg2)} 66. Rf3+ Kg2 67. Rg3+ Kf2 68. Rf3+ Kg2 69. Rg3+ Kh2) 66. Ra1 $2 {[%emt 0:00:14][%mdl 8192] Loses the game.} (66. Rf2+ $11 Kg1 67. Rg2+ Kh1 68. Rg6) 66... Re2 {[%emt 0:00:00] Black mates.} 67. Ra8 Rf2+ 68. Ke3 Rf3+ 69. Ke2 h4 70. Ra4 h3 71. Rh4 Rg3 72. Rf4 h2 73. Rf2+ Kh3 {[%emt 0:00:00] Weighted Error Value: White=0.35/Black=0.16 (very precise)} 0-1